 Dungeon Crawl Stone Soup version 0.25.0-9-g26727b657a (console) character file.

Game seed: 6936147423692400321

6470 bli the Martial Artist (level 10, -8/76 HPs)
             Began as a Demonspawn Monk on June 20, 2020.
             Was a High Priest of Makhleb.
             Mangled by a death yak (19 damage)
             ... on level 9 of the Dungeon.
             The game lasted 00:47:34 (12048 turns).

bli the Martial Artist (Demonspawn Monk)           Turns: 12048, Time: 00:47:35

Health: -8/76      AC:  7    Str:  9    XL:     10   Next: 68%
Magic:  0/11       EV: 16    Int: 13    God:    Makhleb [*****.]
Gold:   333        SH:  0    Dex: 18    Spells: 9/9 levels left

rFire    + . .     SeeInvis .     - Unarmed
rCold    + . .     Gourm    .   (no shield)
rNeg     . . .     Faith    .   P - +1 leather armour {rPois}
rPois    +         Spirit   +   (no helmet)
rElec    .         Reflect  .   B - scarf {rC+ rF+}
rCorr    .         Harm     .   (no gloves)
MR       .....                  (no boots)
Stlth    ++........             (no amulet)
HPRegen  0.22/turn              R - ring of wizardry
MPRegen  0.24/turn              (no ring)

@: lightly drained
A: claws 1, hooves 2, molten scales 2, blurry vision 1, demonic guardian 1, weak
1, magic shield, magic regeneration
a: Minor Destruction, Lesser Servant of Makhleb, Major Destruction, Greater
Servant of Makhleb, Renounce Religion


You were on level 9 of the Dungeon.
You worshipped Makhleb.
Makhleb was extremely pleased with you.
You were not hungry.

You visited 1 branch of the dungeon, and saw 9 of its levels.
You also visited: Ossuary.

You collected 557 gold pieces.
You spent 224 gold pieces at shops.

Inventory:

Hand Weapons
 u - a +1 mace of draining
 v - a +3 quarterstaff of chaos
 D - a +1 quarterstaff of speed
 G - a +2 rapier of venom
 I - a +1 whip of freezing
 L - a +0 morningstar
Missiles
 i - 297 stones
 A - 5 boomerangs (quivered)
 J - 2 silver boomerangs
 N - 16 poisoned darts
 X - 6 curare-tipped darts
Armour
 s - +0 ice dragon scales
 B - a scarf of resistance (worn)
 P - a +1 leather armour of poison resistance (worn)
Magical Staves
 y - an uncursed staff of summoning
 S - an uncursed staff of cold
Jewellery
 g - an uncursed ring of ice
 t - an uncursed ring of fire
 R - a ring of wizardry (left claw)
Wands
 a - a wand of polymorph (6)
 F - a wand of disintegration (24)
 H - a wand of flame (36)
 M - a wand of random effects (10)
 T - a wand of acid (12)
Scrolls
 c - 7 scrolls of remove curse {unknown}
 d - a scroll of identify
 h - 3 scrolls of enchant weapon {unknown}
 j - 5 scrolls of teleportation {unknown}
 k - 2 scrolls of immolation {unknown}
 o - 2 scrolls of noise {unknown}
 p - 2 scrolls of random uselessness
 q - 2 scrolls of blinking {unknown}
 r - 3 scrolls of enchant armour {unknown}
 x - 2 scrolls of fog {unknown}
 K - a scroll of magic mapping
 Z - a scroll of vulnerability {unknown}
Potions
 e - 4 potions of curing
 f - a potion of cancellation
 l - 3 potions of brilliance
 m - a potion of mutation
 n - 6 potions of heal wounds
 z - 2 potions of flight
 C - a potion of might
 E - a potion of stabbing
 O - 2 potions of ambrosia
 Q - a potion of haste
 U - a potion of degeneration
 Y - 2 potions of resistance
Comestibles
 b - 11 rations
 W - 3 chunks of flesh


   Skills:
 * Level 5.9(5.3) Fighting
 + Level 2.3(1.9) Armour
 * Level 7.2(6.7) Dodging
 + Level 4.7(4.2) Stealth
 + Level 11.5(10.9) Unarmed Combat
 + Level 1.0(0.6) Invocations
 + Level 1.7(1.3) Evocations


You had 9 spell levels left.
You didn't know any spells.
Your spell library contained the following spells:

 Spells                   Type           Power        Failure   Level  Hunger
 Shock                    Conj/Air       #...         16%         1    ##.....
 Swiftness                Chrm/Air       #.......     26%         2    ###....
 Confusing Touch          Hex            #.......     43%         3    ####...
 Gell's Gravitas          Tloc           #.........   43%         3    ####...
 Static Discharge         Conj/Air       #.......     43%         3    ####...
 Airstrike                Air            #.........   82%         4    #####..
 Petrify                  Tmut/Erth      #.......     82%         4    #####..
 Lightning Bolt           Conj/Air       #.........   98%         5    ######.
 Metabolic Englaciation   Hex/Ice        #.........   98%         5    ######.
 Yara's Violent Unravell  Hex/Tmut       #.........   98%         5    ######.


Dungeon Overview and Level Annotations

Branches:
Dungeon (9/15)             Temple (0/1) D:7         Ossuary (visited)
   Lair: D:8-11         Orc: D:9-12

Altars:
Ashenzari
Elyvilon
Fedhas
Makhleb
Nemelex Xobeh
Okawaru
Qazlal
Sif Muna
Wu Jian
Xom
Yredelemnul
Zin

Shops:
D:7 *   D:8 ?   D:9 }

Annotations:
D:4 3 runed translucent doors, mopl's ghost, novice KoTm
D:7 1 runed translucent door, IHuginn's ghost, amateur SpAs


Innate Abilities, Weirdness & Mutations

You have hoof-like feet.
You are mostly covered in molten scales. (AC +3)
A weak demonic guardian rushes to your aid.
When hurt, damage is shared between your health and your magic reserves.
You regenerate magic rapidly.
You have sharp fingernails.
Scrolls take you a little longer to read.
You are weak. (Str -2)


Message History

The death yak closely misses you.
Your shadow imp gestures at the death yak.
The death yak resists with almost no effort.
The yak gores your shadow imp!
Your shadow imp dies!
The death yak gores you!
Evoke which item? (* to show all) (? for menu, Esc to quit)
Aiming: Corrosive Bolt
Press: ? - help, Shift-Dir - straight line, f - death yak, p - death yak
Aim: a death yak The bolt of acid hits the death yak!
The death yak is splashed with acid.
The acid corrodes the death yak!
The death yak is moderately wounded.
The bolt of acid hits the yak!
The yak is splashed with acid!
The yak is severely wounded.
The bolt of acid hits the death yak!
The death yak is splashed with acid.
The acid corrodes the death yak!
The death yak is moderately wounded.
The death yak gores you!!
* * * LOW HITPOINT WARNING * * *
Your shadow imp hits the death yak.
The yak gores you but does no damage. The death yak gores you!!
You die...

..#.....#
#..##..#
..#######
#......# ..#
##.....# ..#
.....#.###.#
..##
.....#.# #.#
....
.....#.# #.#
..#. .......
#.# ....
....Y. #.#
....
...YY###.#
#... #.Y5..#
.. #.Y@..#
#.....#
#####.# #.#
..# ..# .#


You could see 3 death yaks, 2 yaks and a friendly shadow imp (summoned).

Vanquished Creatures
  An unseen horror (D:8)
  Pikel (D:7)
  Joseph (D:8)
  A hornet (D:7)
  Prince Ribbit (D:6)
  A hippogriff (D:7)
  Sigmund (D:2)
  A spriggan (D:7)
  A water moccasin (D:6)
  3 orc warriors
  2 sky beasts
  2 ice beasts
  3 ogres
  A phantom (D:9)
  A centaur (D:5)
  2 bullfrogs
  5 scorpions (Ossuary)
  3 killer bees (D:8)
  4 wights (D:9)
  2 howler monkeys
  2 crimson imps
  2 centaur zombies (Ossuary)
  3 orc priests
  2 bullfrog zombies (D:5)
  2 hounds
  2 jellies
  Crazy Yiuf (D:3)
  3 human zombies (Ossuary)
  A gnoll shaman (D:9)
  Jessica (D:3)
  An iguana (D:7)
  Natasha (twice) (D:3)
  7 orc wizards
  2 worker ants
  A big kobold zombie (Ossuary)
  A hound zombie (D:5)
  3 mummies (Ossuary)
  A worker ant zombie (D:8)
  20 adders
  2 howler monkey skeletons
  3 scorpion zombies (Ossuary)
  3 oozes
  2 adder zombies
  An adder skeleton (D:4)
  4 dart slugs
  6 leopard geckos
  23 orcs
  5 ball pythons
  11 giant cockroaches
  3 gnoll zombies
  6 goblins
  6 hobgoblins
  5 jackals
  8 kobolds
  5 quokkas
  4 bats
  10 frilled lizards
  2 goblin zombies (Ossuary)
  2 hobgoblin zombies (Ossuary)
  A kobold zombie (Ossuary)
  A leopard gecko zombie (D:7)
  An orc zombie (Ossuary)
  A quokka skeleton (D:5)
  9 rats
218 creatures vanquished.

Vanquished Creatures (collateral kills)
  A two-headed ogre (D:8)
  Psyche (D:8)
  A hornet zombie (D:8)
  An ogre (D:5)
  A centaur (D:6)
  A killer bee (D:8)
  3 scorpions (Ossuary)
  A crimson imp (D:7)
  A centaur zombie (Ossuary)
  An orc priest (D:7)
  A human zombie (Ossuary)
  An orc wizard (D:4)
  An adder (D:6)
  A scorpion zombie (Ossuary)
  An orc (D:7)
  3 jackals (D:6)
  A goblin zombie (Ossuary)
21 creatures vanquished.

Vanquished Creatures (others)
  3 slaves (D:7)
  A scorpion (D:7)
  A hound zombie (D:7)
  2 orcs (D:7)
  A fungus (D:4)
  2 plants (D:4)
10 creatures vanquished.

Grand Total: 249 creatures vanquished

Notes
Turn   | Place    | Note
-------+----------+-------------------------------------------
     0 | D:1      | bli the Demonspawn Monk began the quest for the Orb.
     0 | D:1      | Reached XP level 1. HP: 18/18 MP: 1/1
    57 | D:1      | Reached skill level 3 in Unarmed Combat
    57 | D:1      | Gained mutation: You are partially covered in molten
                  | scales. (AC +2) [demonic ancestry]
    57 | D:1      | Reached XP level 2. HP: 8/24 MP: 2/2
   652 | D:1      | Reached XP level 3. HP: 29/29 MP: 3/3
  1938 | D:2      | Found a faded altar of an unknown god.
  1959 | D:2      | Became a worshipper of Makhleb the Destroyer
  1959 | D:2      | Reached * piety under Makhleb
  1959 | D:2      | Reached ** piety under Makhleb
  2076 | D:2      | Found a white marble altar of Elyvilon.
  2085 | D:2      | Found an iron altar of Okawaru.
  2197 | D:2      | Reached skill level 4 in Unarmed Combat
  2197 | D:2      | Gained mutation: When hurt, damage is shared between your
                  | health and your magic reserves. [demonic ancestry]
  2197 | D:2      | Reached XP level 4. HP: 29/35 MP: 4/4
  2827 | D:2      | Reached *** piety under Makhleb
  2865 | D:2      | Gained mutation: You have large cloven feet. [demonic
                  | ancestry]
  2865 | D:2      | Reached XP level 5. HP: 24/41 MP: 5/5
  3115 | D:2      | Noticed Sigmund
  3129 | D:2      | Killed Sigmund
  3129 | D:2      | Reached skill level 5 in Unarmed Combat
  3129 | D:2      | Gained mutation: You are mostly covered in molten scales.
                  | (AC +3) [demonic ancestry]
  3129 | D:2      | Reached XP level 6. HP: 28/47 MP: 3/6
  3703 | D:3      | Noticed Jessica
  3712 | D:3      | Killed Jessica
  3957 | D:3      | Noticed Natasha
  3974 | D:3      | Killed Natasha
  4204 | D:3      | Found a white marble altar of Elyvilon.
  4403 | D:3      | Noticed Natasha
  4412 | D:3      | Killed Natasha
  4530 | D:3      | Found a runed translucent door.
  4531 | D:3      | Noticed Crazy Yiuf
  4541 | D:3      | Killed Crazy Yiuf
  4541 | D:3      | Reached skill level 6 in Unarmed Combat
  4646 | D:4      | Found a runed translucent gate.
  4646 | D:4      | Found a runed translucent gate.
  4648 | D:4      | Found a runed translucent gate.
  4649 | D:4      | Noticed mopl's ghost (novice KoTm)
  4756 | D:4      | Gained mutation: A weak demonic guardian rushes to your
                  | aid. [demonic ancestry]
  4756 | D:4      | Reached XP level 7. HP: 36/52 MP: 7/7
  4853 | D:4      | Found a burning altar of Makhleb.
  4855 | D:4      | Found a glowing silver altar of Zin.
  4856 | D:4      | Noticed an angel
  4856 | D:4      | Noticed an Executioner
  5156 | D:4      | Found a basalt altar of Yredelemnul.
  5461 | D:5      | Entered Level 5 of the Dungeon
  5467 | D:5      | Reached **** piety under Makhleb
  5614 | D:5      | Found an ornate altar of the Wu Jian Council.
  5618 | D:5      | Reached skill level 7 in Unarmed Combat
  5703 | D:5      | You fall into a shaft and drop 3 floors!
  5707 | D:8      | Found a sand-covered staircase.
  5714 | Ossuary  | Entered an ossuary
  5849 | Ossuary  | Gained mutation: You regenerate magic rapidly. [demonic
                  | ancestry]
  5849 | Ossuary  | Reached XP level 8. HP: 59/60 MP: 8/8
  6012 | Ossuary  | Reached skill level 8 in Unarmed Combat
  6039 | Ossuary  | Reached ***** piety under Makhleb
  6340 | D:8      | Reached skill level 9 in Unarmed Combat
  6388 | D:8      | Noticed a hippogriff
  6404 | D:7      | Killed a hippogriff
  6579 | D:7      | Noticed IHuginn's ghost (amateur SpAs)
  6580 | D:7      | Found a runed translucent door.
  6896 | D:5      | Gained mutation: You have hoof-like feet. [demonic
                  | ancestry]
  6896 | D:5      | Reached XP level 9. HP: 32/65 MP: 5/9
  7450 | D:6      | Found a stormy altar of Qazlal.
  7451 | D:6      | Found a blossoming altar of Fedhas.
  7455 | D:6      | Noticed Prince Ribbit
  7474 | D:6      | Killed Prince Ribbit
  7474 | D:6      | Reached skill level 5 in Dodging
  7831 | D:6      | Reached skill level 10 in Unarmed Combat
  8699 | D:7      | Found a shimmering altar of Xom.
  8699 | D:7      | Found a shimmering altar of Xom.
  8702 | D:7      | Noticed Pikel
  8710 | D:7      | Killed Pikel
  8711 | D:7      | Found a shimmering altar of Xom.
  8711 | D:7      | Found a shimmering altar of Xom.
  8740 | D:7      | Found a shimmering altar of Xom.
  8740 | D:7      | Found a shimmering altar of Xom.
  8766 | D:7      | Found a shimmering altar of Xom.
  8791 | D:7      | Found a staircase to the Ecumenical Temple.
  9336 | D:7      | Reached XP level 10. HP: 27/73 MP: 8/10
  9768 | D:7      | Found Res Orie's General Store.
  9776 | D:7      | Bought a scroll of identify for 28 gold pieces
  9776 | D:7      | Bought a potion of curing for 42 gold pieces
  9776 | D:7      | Bought a +1 leather armour of poison resistance for 154
                  | gold pieces
  9913 | D:8      | Reached skill level 1 in Invocations
  9985 | D:8      | Reached skill level 11 in Unarmed Combat
 10057 | D:8      | Found Wavog's Magic Scroll Shop.
 10284 | D:8      | Noticed Joseph
 10364 | D:8      | Noticed Psyche
 10380 | D:8      | Killed Psyche
 10380 | D:8      | Reached skill level 5 in Fighting
 10390 | D:8      | Killed Joseph
 10592 | D:8      | Noticed a two-headed ogre
 10615 | D:8      | Killed a two-headed ogre
 10615 | D:8      | Reached skill level 1 in Armour
 10615 | D:8      | Reached skill level 1 in Evocations
 10620 | D:8      | HP: 1/74 [killer bee (6)]
 10921 | D:8      | Found a shattered altar of Ashenzari.
 10924 | D:8      | Found a sparkling altar of Nemelex Xobeh.
 10956 | D:8      | Killed an unseen horror
 11752 | D:9      | Found a shimmering blue altar of Sif Muna.
 11762 | D:9      | Found Gualoeg's Gadget Emporium.
 11988 | D:9      | Noticed a death yak
 11993 | D:9      | Gained mutation: You are weak. (Str -2) [potion of
                  | mutation]
 11993 | D:9      | Gained mutation: You are frail. (-10% HP) [potion of
                  | mutation]
 11993 | D:9      | Gained mutation: Your system is resistant to poisons.
                  | (rPois) [potion of mutation]
 11994 | D:9      | Lost mutation: You are frail. (-10% HP) [potion of
                  | mutation]
 11994 | D:9      | Lost mutation: Your system is resistant to poisons. (rPois)
                  | [potion of mutation]
 11994 | D:9      | Gained mutation: Scrolls take you a little longer to read.
                  | [potion of mutation]
 11994 | D:9      | Gained mutation: You have sharp fingernails. [potion of
                  | mutation]
 12043 | D:9      | Noticed a death yak
 12044 | D:9      | Noticed a death yak
 12048 | D:9      | Mangled by a death yak

Illustrated notes

Levels and vault maps discovered:
D:1:      moated_graveyard_arrival, layout_basic,
          hangedman_decor_clover_reticule, minmay_crystal_room,
          chequers_serial_rivers_small_3, serial_park_tiny_pond, st_stairs_12,
          corexii_item_surrounded_by_moat, grunt_decor_one_mirror
D:2:      layout_basic, amethyst_overflow_temple_binary,
          chequers_ecumenical_altar_simple_redux, serial_glass, glass_columns_c,
          glass_columns_a, minmay_snake_closets, uniq_sigmund
D:3:      layout_rooms, first_ration, corner_web_ring, elyvilon_altar_1,
          uniq_crazy_yiuf_cottage, uniq_jessica, uniq_natasha
D:4:      layout_loops_ring, grunt_temple_overflow_order_and_chaos_2,
          lemuel_zombie_altar_yredelemnul, gammafunk_ghost_nasty_kobolds
D:5:      layout_basic, lemuel_doored_altar, gup_sewer_entry_pipe
D:6:      layout_layer_cave, grunt_temple_overflow_forces_of_nature,
          uniq_prince_ribbit1
D:7:      layout_loops_ring, nicolae_xom_altar_mimics, temple_pool_b,
          serial_shops, shop, hellmonk_ghost_happy_afterlife, the_bakery,
          uniq_pikel
D:8:      layout_basic, chequers_temple_overflow_statue_of_worship,
          serial_shops, shop, nicolae_ossuary_entry_ruins, uniq_psyche,
          uniq_joseph
D:9:      layout_stronghold, old_standard_altar, eat_drink_and_be_merry_uskayaw,
          dpeg_lair_monsters, serial_shops,
          nicolae_shop_temple_entry_statues_fountains,
          hangedman_decor_diamond_cutter, billiards_dpeg

Skill      XL: |  1  2  3  4  5  6  7  8  9 10 |
---------------+-------------------------------+-----
Unarmed Combat | 3 4 5 6 7 9 10 11 | 11.5
Dodging        | 3 4 6 7 |  7.2
Stealth        | 2 3 4 |  4.7
Fighting       | 4 5 |  5.9
Invocations    | 1 |  1.0
Armour         | 2 |  2.3
Evocations     | 1 |  1.7

Action                   |  1- 3 |  4- 6 |  7- 9 | 10-12 || total
-------------------------+-------+-------+-------+-------++-------
Melee: Unarmed           |   163 |   201 |   479 |   160 ||  1003
       Punch             |     2 |     4 |    25 |     9 ||    40
       Kick              |       |    28 |   146 |    41 ||   215
Throw: Stone             |       |     1 |    20 |       ||    21
       Boomerang         |       |       |     1 |    44 ||    45
Invok: Minor Destruction |       |     1 |     3 |       ||     4
Evoke: Wand              |       |       |     3 |    23 ||    26
  Use: Potion            |       |       |     3 |     4 ||     7
       Scroll            |       |       |       |    10 ||    10
 Stab: Sleeping          |     2 |     8 |     9 |     2 ||    21
       Distracted        |       |       |     3 |       ||     3
  Eat: Chunk             |     4 |     8 |    12 |     5 ||    29
       Ration            |       |       |     1 |     1 ||     2
Armor: Robe              |    31 |    49 |    66 |       ||   146
       Leather armour    |       |       |       |    26 ||    26
Dodge: Dodged            |    90 |   124 |   259 |    81 ||   554
